[Event "Team 45 45 League T61"]
[Site "Internet Chess Club"]
[Date "2014.06.15"]
[Round "3"]
[White "Jet1234"]
[Black "moodle"]
[Result "0-1"]
[WhiteElo "1351"]
[BlackElo "1484"]
[Opening "Vienna game"]
[ECO "C28"]
[Time "18:01:27"]
[TimeControl "2700+45"]

1. e4 e5 2. Bc4 Nf6 3. Nc3 Nc6 4. d3 d6 5. f4 Na5 6. Nf3 Nxc4 7. dxc4 exf4 8.
Bxf4 Be6 9. O-O Bxc4 10. Re1 c6 11. b3 Be6 12. e5 dxe5 13. Qxd8+ Rxd8 14. Bxe5
Be7 15. Re2 h6 16. Rae1 Bb4 17. Re3 Ng4 18. Re4 Nxe5 19. Rxb4 Nxf3+ 20. gxf3 b5
21. a4 a6 22. axb5 axb5 23. Re5 Ke7 24. Rc5 Rd6 25. Ne4 Rd1+ 26. Kg2 Rc8 27. Nc3
Rd2+ 28. Kf1 Rxc2 29. Ke1 Rxh2 30. Ne2 Kd6 31. Rc3 Ra8 32. Rd4+ Bd5 33. Rg4 Re8
34. Rxg7 Rexe2+ 35. Kf1 Ra2 36. Kg1 Rhb2 37. Rc1 Bxb3 38. Rh7 Rg2+ 39. Kf1 Bc4+
40. Ke1 Rg1# {White checkmated} 0-1

[Event "Team 45 45 League T61"]
[Site "Internet Chess Club"]
[Date "2014.06.16"]
[Round "3"]
[White "clarinetref"]
[Black "mongmong"]
[Result "1-0"]
[WhiteElo "1642"]
[BlackElo "1624"]
[Opening "Réti opening"]
[ECO "A04"]
[Time "20:48:48"]
[TimeControl "2700+45"]

1. Nf3 e6 2. b3 Nf6 3. Bb2 c5 4. c4 Nc6 5. e3 d5 6. cxd5 exd5 7. d4 cxd4 8. Nxd4
Bb4+ 9. Nd2 Ne4 10. Bc1 Nxd4 11. exd4 O-O 12. a3 Re8 13. Be2 Bc3 14. Ra2 Qa5 15.
O-O Bxd2 16. Bxd2 Nxd2 17. b4 Qb6 18. Rxd2 Bd7 19. Bf3 Bb5 20. Re1 Rxe1+ 21.
Qxe1 Re8 22. Qd1 Qe6 23. h3 h6 24. a4 Bc4 25. Qc2 Qd6 26. Qb1 Qf4 27. Qd1 Qf6
28. Bg4 Qd8 29. a5 Re7 30. Bf5 Qe8 31. Kh2 g6 32. Bd3 Bxd3 33. Rxd3 Re1 34. Qf3
a6 35. Qxd5 Qb8+ 36. Rg3 Qc7 37. Qa2 Qd6 38. Qd2 Re4 39. Qxh6 Rxd4 40. h4 Rxb4
41. Qg5 Rb5 42. Qh6 Rh5 43. Qxh5 {Black resigns} 1-0

[Event "Team 45 45 League T61"]
[Site "Internet Chess Club"]
[Date "2014.06.12"]
[Round "3"]
[White "GregoryViking"]
[Black "g8wrb"]
[Result "1-0"]
[WhiteElo "1574"]
[BlackElo "1316"]
[Opening "French: advance, Euwe variation"]
[ECO "C02"]
[Time "11:08:20"]
[TimeControl "2700+45"]

1. e4 e6 2. d4 d5 3. e5 c5 4. c3 Nc6 5. Nf3 Bd7 6. Bd3 cxd4 7. cxd4 Qb6 8. Be2
Bb4+ 9. Nc3 Nge7 10. O-O Nf5 11. a3 Qa5 12. Bd2 Bxc3 13. Bxc3 Qb6 14. Rc1 O-O
15. Bd3 Rac8 16. g4 Nfe7 17. h4 f5 18. exf6 Rxf6 19. g5 Rf4 20. Bd2 Rg4+ 21. Kh1
Nxd4 22. Rxc8+ Bxc8 23. Be3 Nef5 24. Bxf5 exf5 25. Bxd4 Qb3 26. Qxb3 {Black
resigns} 1-0

[Event "Team 45 45 League T61"]
[Site "Internet Chess Club"]
[Date "2014.06.16"]
[Round "3"]
[White "PostMike"]
[Black "smsxman"]
[Result "1-0"]
[WhiteElo "1465"]
[BlackElo "1409"]
[Opening "two knights defense: Lolli attack"]
[ECO "C57"]
[Time "13:00:15"]
[TimeControl "2700+45"]

1. e4 e5 2. Nf3 Nc6 3. Bc4 Nf6 4. Ng5 d5 5. exd5 Nxd5 6. d4 Be6 7. Nxe6 fxe6 8.
dxe5 Nxe5 9. Qh5+ Nf7 10. O-O Be7 11. Re1 Qd6 12. Qg4 Ne5 13. Qh5+ Ng6 14. Bg5
O-O-O 15. Bxe7 Ngxe7 16. Na3 g6 17. Qe5 Qxe5 18. Rxe5 Rd6 19. Rae1 Kd7 20. Nb5
Rb6 21. b3 a6 22. Nd4 c6 23. Nxe6 Kd6 24. a3 c5 25. Ng5 h6 26. Nf7+ {Black
resigns} 1-0

[Event "Team 45 45 League T61"]
[Site "Internet Chess Club"]
[Date "2014.06.12"]
[Round "3"]
[White "guyd52"]
[Black "Aquaman"]
[Result "1/2-1/2"]
[WhiteElo "1332"]
[BlackElo "1362"]
[Opening "Réti: King's Indian attack, Pachman system"]
[ECO "A04"]
[Time "20:00:37"]
[TimeControl "2700+45"]

1. Nf3 g6 2. g3 Bg7 3. Bg2 e5 4. d3 d5 5. O-O Ne7 6. Nbd2 O-O 7. c3 Nbc6 8. e4
d4 9. Qc2 f5 10. Qb3+ Kh8 11. Ng5 Qe8 12. exf5 Nxf5 13. Bd5 Nd6 14. Nde4 Na5 15.
Qc2 Nxe4 16. Bxe4 Nc6 17. Qb3 Nd8 18. Bd2 c6 19. Rfe1 Bf5 20. cxd4 Bxe4 21. Rxe4
Qd7 22. dxe5 Qd5 23. Qxd5 cxd5 24. Rf4 Re8 25. d4 Kg8 26. Rc1 h6 27. Nf3 g5 28.
Rg4 Ne6 29. h4 h5 30. Rxg5 Nxg5 31. Bxg5 Rf8 32. Kg2 Rf5 33. Rc5 Raf8 34. Bf4
Rd8 35. Rc7 Rb8 36. Rc5 Rd8 {Game drawn by mutual agreement} 1/2-1/2

[Event "Team 45 45 League T61"]
[Site "Internet Chess Club"]
[Date "2014.06.12"]
[Round "3"]
[White "lemorgado"]
[Black "Kali-Linux"]
[Result "1/2-1/2"]
[WhiteElo "1974"]
[BlackElo "1970"]
[Opening "Queen's pawn game"]
[ECO "A45"]
[Time "21:03:00"]
[TimeControl "2700+45"]

1. d4 Nf6 2. e3 c5 3. c3 d5 4. f4 Nc6 5. Nf3 Bg4 6. Bd3 e6 7. Nbd2 Bd6 8. h3 Bh5
9. Qa4 Bg6 10. Bb5 Qc7 11. Ne5 Bxe5 12. fxe5 Ne4 13. Nxe4 Bxe4 14. O-O cxd4 15.
exd4 O-O 16. Bg5 Ne7 17. Rf2 Nf5 18. g4 Ne7 19. Bf4 Ng6 20. Bh2 Qe7 21. Bg3 f5
22. exf6 Rxf6 23. Raf1 Rxf2 24. Rxf2 Qg5 25. Qd1 Rf8 26. Qd2 Qxd2 27. Rxd2 Nf4
28. Bf1 a6 29. h4 h6 30. c4 g5 31. hxg5 hxg5 32. c5 Bf3 33. b4 Bxg4 34. a4 Rf7
35. b5 axb5 36. axb5 Bh3 37. Bxh3 Nxh3+ 38. Kg2 Nf4+ 39. Bxf4 Rxf4 40. b6 Rf8
41. Kg3 Kg7 42. Ra2 Rb8 43. Kg4 Kg6 44. Re2 Kf6 45. Rh2 e5 46. Rh6+ Kg7 47. Rd6
exd4 48. Rxd5 Rc8 49. Kxg5 Kf7 50. Kf5 d3 51. Rd7+ Ke8 52. Rxd3 Rxc5+ 53. Ke6
Rc6+ 54. Rd6 {Game drawn by mutual agreement} 1/2-1/2

[Event "Team 45 45 League T61"]
[Site "Internet Chess Club"]
[Date "2014.06.16"]
[Round "3"]
[White "matein7"]
[Black "chessjav"]
[Result "0-1"]
[WhiteElo "1775"]
[BlackElo "1868"]
[Opening "King's Indian: Torre attack"]
[ECO "A48"]
[Time "17:08:03"]
[TimeControl "2700+45"]

1. d4 Nf6 2. Nf3 g6 3. Bg5 Bg7 4. Nbd2 d5 5. e3 O-O 6. Be2 Nbd7 7. O-O Re8 8. c4
c6 9. cxd5 cxd5 10. Bb5 a6 11. Ba4 b5 12. Bb3 Nb6 13. Ne5 Bb7 14. a4 Nc4 15. Qe2
Nxd2 16. Qxd2 Ne4 17. Qc2 Nxg5 18. axb5 axb5 19. h4 Ne4 20. Nxf7 Kxf7 21. Qxe4
e6 22. Qf4+ Qf6 {White resigns} 0-1

[Event "Team 45 45 League T61"]
[Site "Internet Chess Club"]
[Date "2014.06.15"]
[Round "3"]
[White "mongmong"]
[Black "drbishop"]
[Result "1-0"]
[WhiteElo "1641"]
[BlackElo "1717"]
[Opening "Queen's pawn game"]
[ECO "D04"]
[Time "17:04:19"]
[TimeControl "2700+45"]

1. d4 Nf6 2. Nf3 d5 3. e3 Bg4 4. c4 Bxf3 5. Qxf3 e6 6. Nc3 Bd6 7. Bd3 O-O 8. O-O
c6 9. Bd2 Nbd7 10. Rad1 Qc7 11. h3 Rad8 12. cxd5 exd5 13. Rc1 a6 14. e4 dxe4 15.
Nxe4 Nxe4 16. Qxe4 Nf6 17. Qf3 Qb6 18. Bc3 Nd5 19. Qe4 g6 20. Bc4 Rfe8 21. Qf3
Bf8 22. Rfe1 Rxe1+ 23. Rxe1 Bg7 24. Rd1 Qc7 25. Be1 Nb6 26. Ba5 Bxd4 27. Rxd4
Rf8 28. Qb3 Qe5 29. Bxb6 Re8 30. Bxf7+ Kh8 31. Bxe8 Qe1+ 32. Kh2 Qxe8 33. Qc3
Qe5+ 34. g3 Kg8 35. Rd8+ Kf7 36. Qxe5 h5 37. Rd7+ Kf8 38. Qb8# {Black
checkmated} 1-0

[Event "Team 45 45 League T61"]
[Site "Internet Chess Club"]
[Date "2014.06.15"]
[Round "3"]
[White "Goli"]
[Black "achessman"]
[Result "0-1"]
[WhiteElo "1788"]
[BlackElo "1893"]
[Opening "Petrov: Nimzovich attack"]
[ECO "C42"]
[Time "07:12:59"]
[TimeControl "2700+45"]

1. e4 e5 2. Nf3 Nf6 3. Nxe5 d6 4. Nf3 Nxe4 5. Nc3 Nxc3 6. dxc3 Be7 7. Bd3 Nd7 8.
O-O O-O 9. Be3 Ne5 10. Nxe5 dxe5 11. Qh5 f5 12. Bc4+ Kh8 13. Bf7 Qd6 14. Rad1
Qf6 15. Bb3 f4 16. Bc1 Bd6 17. Qe2 Bf5 18. Bd5 Rab8 19. f3 Rfe8 20. Be4 Be6 21.
Qb5 a6 22. Qa4 Bf5 23. Bxb7 Bxc2 24. Qxc2 Rxb7 25. Qe4 Rb5 26. Kh1 Qg6 27. Qxg6
hxg6 28. Rfe1 Rbb8 29. Re4 Kg8 30. g3 Kf7 31. Kg2 Kf6 32. b4 a5 33. a3 g5 34.
Bb2 Kf5 35. g4+ Kf6 36. Rd5 Ra8 37. Rxa5 Rxa5 38. bxa5 Rb8 39. Re2 Ra8 40. Bc1
Rxa5 41. Ra2 Ke6 42. Kf2 Kd5 43. Ke2 Kc4 44. Kd2 Rd5+ 45. Ke2 Kxc3 46. a4 Kb3
47. Ra1 Bb4 48. a5 Rxa5 49. Rxa5 Bxa5 50. Kd3 Bb4 51. Ke4 Kc2 52. Kxe5 Kxc1 53.
Kf5 Kd2 54. Kxg5 Ke3 55. h4 Kxf3 56. Kf5 Kg3 57. h5 {White resigns} 0-1

[Event "Team 45 45 League T61"]
[Site "Internet Chess Club"]
[Date "2014.06.14"]
[Round "3"]
[White "tamtu"]
[Black "room-matt"]
[Result "1-0"]
[WhiteElo "1993"]
[BlackElo "1853"]
[Opening "QGA: classical, 6...a6"]
[ECO "D27"]
[Time "00:33:09"]
[TimeControl "2700+45"]

1. d4 d5 2. c4 dxc4 3. Nf3 Nf6 4. e3 e6 5. Bxc4 c5 6. O-O a6 7. Bb3 b5 8. a4 b4
9. Nbd2 Bb7 10. e4 cxd4 11. e5 Nfd7 12. Nc4 Nc5 13. Bg5 Qc7 14. Rc1 d3 15. a5
Nc6 16. Ba4 h6 17. Be3 Nxa4 18. Qxa4 Be7 19. Nd4 O-O 20. Nb6 Rac8 21. Nxc8 Rxc8
22. Rfd1 Qd7 23. Rxd3 Nxe5 24. Qxd7 Nxd7 25. Rxc8+ Bxc8 26. Nc6 Bf6 27. Bd4 Bg5
28. Nxb4 e5 29. Rc3 exd4 30. Rxc8+ Kh7 31. Nd3 Bd2 32. Rc7 Nf6 33. b4 Nd5 34.
Rc4 Bc3 35. Kf1 Kg6 36. Ke2 Kf5 37. Rc5 Ke6 38. Rc6+ Ke7 39. Rxa6 Nxb4 40. Nxb4
Bxb4 41. Kd3 Bc3 42. Ra7+ Ke6 43. a6 {Black resigns} 1-0

[Event "Team 45 45 League T61"]
[Site "Internet Chess Club"]
[Date "2014.06.15"]
[Round "3"]
[White "tsia68"]
[Black "TheRailgun"]
[Result "0-1"]
[WhiteElo "1824"]
[BlackElo "1896"]
[Opening "Benko's opening"]
[ECO "A00"]
[Time "09:01:49"]
[TimeControl "2700+45"]

1. g3 g6 2. Bg2 Bg7 3. Nf3 c5 4. O-O Nc6 5. d3 d6 6. e4 Bg4 7. h3 Bd7 8. c3 b5
9. d4 cxd4 10. Nxd4 Nxd4 11. cxd4 Rc8 12. Nc3 b4 13. Nd5 a5 14. Re1 Nf6 15. Nxe7
Qxe7 16. e5 dxe5 17. Rxe5 Be6 18. Bg5 h6 19. Bxf6 Bxf6 20. Re1 O-O 21. d5 Rfd8
22. Qb3 a4 23. Qe3 Bxd5 24. Qxe7 Bxe7 25. Rxe7 Bxg2 26. Kxg2 Rc2 27. Ra7 Rdd2
28. Rf1 Rxb2 29. Rxa4 Rd3 30. Rc1 Ra3 31. Rc8+ Kg7 32. Rxa3 bxa3 33. Kf3 Rxa2
34. Ra8 g5 35. Ra6 h5 36. Ra4 Kf6 37. Kg2 Ke5 38. Ra5+ Kd4 39. Rxg5 Rc2 40. Rxh5
a2 41. Ra5 Kc3 42. Ra8 Kb2 43. Rb8+ Kc1 44. Ra8 Kb1 45. g4 a1=Q 46. Rxa1+ Kxa1
47. Kg3 Rc3+ 48. f3 Kb2 49. h4 Kc2 50. g5 Kd2 51. Kg4 Ke3 52. Kf5 Kxf3 53. h5
Rc5+ 54. Kf6 Kg4 55. g6 Rf5+ 56. Kg7 fxg6 57. hxg6 Kg5 58. Kh7 Kf6 59. g7 Rh5+
60. Kg8 Kg6 61. Kf8 Rf5+ {White resigns} 0-1

[Event "Team 45 45 League T61"]
[Site "Internet Chess Club"]
[Date "2014.06.17"]
[Round "3"]
[White "Agarnez"]
[Black "kidviper"]
[Result "1/2-1/2"]
[WhiteElo "1994"]
[BlackElo "1968"]
[Opening "Nimzo-Indian: Reshevsky variation"]
[ECO "E46"]
[Time "18:01:06"]
[TimeControl "2700+45"]

1. d4 Nf6 2. c4 e6 3. Nc3 Bb4 4. e3 O-O 5. Ne2 d5 6. a3 Bxc3+ 7. Nxc3 Nbd7 8.
Bd3 dxc4 9. Bxc4 b6 10. O-O Bb7 11. Qe2 c5 12. dxc5 Nxc5 13. f3 Qe7 14. e4 Rac8
15. Be3 Ncd7 16. Rac1 Ne5 17. Ba6 Rfd8 18. Rfd1 Bxa6 19. Qxa6 Nc4 20. Rxd8+ Qxd8
21. Ne2 b5 22. b3 Nb6 23. Rxc8 Nxc8 24. Qxb5 Nd6 25. Qd3 e5 26. Bc5 Nfe8 27. b4
Qh4 28. g3 Qh6 29. Bxa7 Qg6 30. Bc5 h5 31. a4 h4 32. a5 Nb7 33. Qd7 Nxc5 34.
Qxe8+ Kh7 35. bxc5 Qa6 36. Kf2 Qxa5 37. Qxe5 h3 38. Qh5+ Kg8 39. Qd5 Kh7 40. Qd4
Qc7 41. Nf4 Qa7 42. Ne2 Qc7 43. Nf4 Qa7 44. Ne2 Qc7 {Game drawn by repetition}
1/2-1/2

[Event "Team 45 45 League T61"]
[Site "Internet Chess Club"]
[Date "2014.06.12"]
[Round "3"]
[White "kidcobra"]
[Black "kar120c"]
[Result "0-1"]
[WhiteElo "1786"]
[BlackElo "1810"]
[Opening "Two knights defense"]
[ECO "C56"]
[Time "18:04:20"]
[TimeControl "2700+45"]

1. e4 e5 2. Nf3 Nc6 3. d4 exd4 4. Bc4 Nf6 5. O-O Nxe4 6. Re1 d5 7. Bxd5 Qxd5 8.
Nc3 Qd8 9. Rxe4+ Be7 10. Nxd4 f5 11. Rf4 O-O 12. Nxc6 Qxd1+ 13. Nxd1 bxc6 14.
Nc3 Be6 15. Ra4 Bf6 16. Be3 Rfb8 17. Bc1 a5 18. Nd1 Rd8 19. Bf4 Rd7 20. Nc3 Rb8
21. Rxa5 Rxb2 22. Be5 Rxc2 23. Bxf6 gxf6 24. Rc5 Rd3 25. Ne4 Rxa2 26. Nxf6+ Kf7
27. Re1 Kxf6 28. Rxc6 Re2 29. Rec1 Rdd2 30. R6c3 Rxf2 31. Rg3 f4 32. Ra3 Rxg2+
33. Kf1 Rxh2 34. Kg1 Bd5 35. Ra6+ Kf5 36. Rf6+ Kxf6 37. Rc4 Rh1# {White
checkmated} 0-1

[Event "Team 45 45 League T61"]
[Site "Internet Chess Club"]
[Date "2014.06.15"]
[Round "3"]
[White "Manas"]
[Black "baconwithfries"]
[Result "0-1"]
[WhiteElo "1799"]
[BlackElo "1630"]
[Opening "Réti: King's Indian attack, Yugoslav variation"]
[ECO "A05"]
[Time "15:05:00"]
[TimeControl "2700+45"]

1. Nf3 Nf6 2. g3 d5 3. Bg2 c6 4. O-O Bg4 5. Ne5 Bf5 6. d3 Nbd7 7. f4 e6 8. Nd2
Bc5+ 9. Kh1 Nxe5 10. fxe5 Ng4 11. Qe1 Ne3 12. Nb3 Nxg2 13. Kxg2 Bb6 14. e3 O-O
15. Nd4 Bg6 16. Ne2 Bc7 17. Qc3 Qg5 18. d4 Be4+ 19. Kg1 h5 20. Bd2 h4 21. Rf4 f6
22. Raf1 fxe5 23. Rxf8+ Rxf8 24. Rxf8+ Kxf8 25. Qc5+ Kg8 26. Bb4 Qxe3+ 27. Kf1
Qf3+ 28. Ke1 Bb6 29. Qe7 exd4 30. Qxe6+ Kh7 31. Qe7 d3 32. Qxh4+ Kg8 33. cxd3
Bf2+ {White resigns} 0-1

[Event "Team 45 45 League T61"]
[Site "Internet Chess Club"]
[Date "2014.06.14"]
[Round "3"]
[White "kabindra"]
[Black "rusano"]
[Result "0-1"]
[WhiteElo "1732"]
[BlackElo "1687"]
[Opening "French: Fort Knox variation"]
[ECO "C03"]
[Time "17:00:28"]
[TimeControl "2700+45"]

1. e4 e6 2. d4 d5 3. Nd2 dxe4 4. Nxe4 Bd7 5. Nf3 Bc6 6. Bd3 Bxe4 7. Bxe4 c6 8.
c3 Nf6 9. Bc2 Nbd7 10. Qd3 Qc7 11. h3 h6 12. Be3 Nd5 13. Bd2 Bd6 14. O-O O-O-O
15. a3 Nf4 16. Qe4 Nf6 17. Qe1 N4d5 18. c4 Ne7 19. Ne5 Bxe5 20. dxe5 Nd7 21. Bc3
Nc5 22. Qe3 b6 23. Rfd1 Rxd1+ 24. Rxd1 Rd8 25. Rxd8+ Qxd8 26. b4 Nb7 27. Qf3 Qe8
28. Be4 Nd8 29. a4 Kc7 30. a5 b5 31. cxb5 cxb5 32. Qe3 Ndc6 33. Qc5 Qb8 34. Qd6+
Kc8 35. Bd3 a6 36. Qc5 Qa7 37. Qd6 Qb8 38. Be4 Kb7 39. Qd7+ Qc7 40. Qe8 Nd5 41.
Bxd5 exd5 42. e6 fxe6 43. Qxe6 d4 44. Bd2 Qe7 45. Qd5 Qe5 46. Qf7+ Qe7 47. Qxe7+
Nxe7 48. Kf1 Kc6 49. Ke2 Kd5 50. Kd3 Nc6 51. f4 Ne7 52. g4 g6 53. f5 gxf5 54.
Bxh6 fxg4 55. hxg4 Ng6 56. g5 Ne5+ 57. Kd2 Kc4 58. Bf8 Nf3+ 59. Ke2 Nxg5 60. Be7
Ne4 61. Kf3 d3 62. Ke3 d2 63. Ke2 Kc3 64. Bc5 Kc2 {White resigns} 0-1

[Event "Team 45 45 League T61"]
[Site "Internet Chess Club"]
[Date "2014.06.15"]
[Round "3"]
[White "IshanR"]
[Black "lacibacsi"]
[Result "0-1"]
[WhiteElo "1853"]
[BlackElo "1970"]
[Opening "King's Indian: Sämisch, Panno main line"]
[ECO "E84"]
[Time "10:31:37"]
[TimeControl "2700+45"]

1. d4 Nf6 2. c4 g6 3. Nc3 Bg7 4. e4 d6 5. f3 O-O 6. Be3 Nc6 7. Nge2 a6 8. Qd2
Rb8 9. Rc1 Bd7 10. Nd1 b5 11. c5 e6 12. Nf2 b4 13. g3 Ne7 14. Bg2 Bb5 15. O-O
Nd7 16. Rfd1 a5 17. a3 Ba4 18. Re1 dxc5 19. dxc5 Ne5 20. Nd4 N5c6 21. Nxc6 Nxc6
22. Nd3 bxa3 23. bxa3 Rb3 24. Nf4 Qxd2 25. Bxd2 Rd8 26. Be3 Rxa3 27. Ne2 Rxe3
{White resigns} 0-1

[Event "Team 45 45 League T61"]
[Site "Internet Chess Club"]
[Date "2014.06.13"]
[Round "3"]
[White "amicusUK"]
[Black "tightfist"]
[Result "0-1"]
[WhiteElo "1613"]
[BlackElo "1609"]
[Opening "Queen's pawn game"]
[ECO "D05"]
[Time "16:00:10"]
[TimeControl "2700+45"]

1. d4 Nf6 2. Nf3 e6 3. e3 d5 4. c4 b6 5. cxd5 exd5 6. Nc3 Bb7 7. Bd3 Nbd7 8. Qe2
Bd6 9. e4 dxe4 10. Nxe4 Bb4+ 11. Bd2 Bxd2+ 12. Nexd2+ Qe7 13. Qxe7+ Kxe7 14. O-O
Rhe8 15. Bb5 c6 16. Bd3 Kf8 17. Rfe1 c5 18. dxc5 Nxc5 19. Bb5 Red8 20. Re3 a6
21. Bc4 b5 22. Bf1 Nce4 23. Nxe4 Nxe4 24. Rae1 Nd2 25. Nxd2 Rxd2 26. R1e2 Rad8
27. Rxd2 Rxd2 28. Re2 Rd1 29. f3 f5 30. Kf2 Kf7 31. Re1 Rd2+ 32. Re2 Rd1 33. Re1
Rxe1 34. Kxe1 g5 35. Kf2 Ke6 36. Ke3 Kd5 37. Kd3 a5 38. Be2 Kc5 39. Kc3 Bd5 40.
b3 b4+ 41. Kd3 Bc6 42. g3 Bb5+ 43. Kd2 Bxe2 44. Kxe2 Kd4 45. Kd2 h5 46. h3 g4
47. fxg4 fxg4 48. hxg4 hxg4 49. Ke1 Ke3 {White resigns} 0-1